 Dungeon Crawl Stone Soup version 0.30.1-9-gdf580d7c3d (webtiles) character file.

Game seed: 12456621949293299488

557123 monsoonserge the Slayer (level 25, -6/225 HPs)
             Began as a Merfolk Gladiator on Oct 4, 2023.
             Was the Champion of Wu Jian.
             Mangled by a death scarab (16 damage)
             ... on level 1 of the Tomb of the Ancients on Oct 5, 2023.
             The game lasted 05:53:24 (70148 turns).

monsoonserge the Slayer (Merfolk Gladiator)        Turns: 70148, Time: 05:53:25

Health: -6/225     AC: 24    Str: 20    XL:     25   Next: 88%
Magic:  35/37      EV: 28    Int: 17    God:    Wu Jian [******]
Gold:   3498       SH:  5    Dex: 28    Spells: 14/44 levels left

rFire   + . .        a - +12 pair of quick blades "Gyre" and "Gimble" {protect}
rCold   . . .        (shield currently unavailable)
rNeg    + + .        U - +4 scale mail of Lett {rN++}
rPois   +            W - +2 helmet {Int+3}
rElec   .            y - scarf {repulsion}
rCorr   +            w - +1 pair of gloves {Str+3}
SInv    .            (no boots)
Will    +....        k - amulet of Dinkenem {Reflect rPois rCorr Int+4 SH+5}
Stlth   +++++++      X - +6 ring of dexterity
HPRegen 0.57/turn    D - ring of protection from fire
MPRegen 0.25/turn

%: repel missiles, reflection
@: under a protective aura, on blink cooldown, hasted and slowed, studying 2
skills
A: (nimble swimmer 2), mertail, deformed body
}: 4/15 runes: barnacled, silver, abyssal, gossamer
a: Renounce Religion, Wall Jump, Serpent's Lash, Heavenly Storm


You were on level 1 of the Tomb of the Ancients.
You worshipped Wu Jian.
Wu Jian was exalted by your worship.
You visited 12 branches of the dungeon, and saw 47 of its levels.
You visited the Abyss 3 times.
You also visited: Bailey and Wizlab.

You collected 6107 gold pieces.
You spent 2609 gold pieces at shops.

Inventory:

Hand Weapons
 a - the +12 pair of quick blades "Gyre" and "Gimble" (weapon) {protect}
   (You found it on level 13 of the Dungeon)
Missiles
 b - 5 datura-tipped darts
 d - 12 throwing nets (quivered)
 e - 15 javelins
 n - 9 boomerangs of dispersal
 q - 17 atropa-tipped darts
 u - 60 boomerangs
 B - 10 curare-tipped darts
 O - 23 silver javelins
Armour
 w - a +1 pair of gloves of strength (worn)
 y - a scarf of repulsion (worn)
 U - the +4 scale mail of Lett (worn) {rN++}
   (You found it on level 3 of the Vaults)

   rN:        It greatly protects you from negative energy.
 W - a +2 helmet of intelligence (worn)
Jewellery
 k - the amulet of Dinkenem (around neck) {Reflect rPois rCorr Int+4 SH+5}
   (You bought it in a shop on level 2 of the Shoals)

   [amulet of reflection]

   It reflects blocked missile attacks.
   Int:       It affects your intelligence (+4).
   rPois:     It protects you from poison.
   rCorr:     It protects you from acid and corrosion.
   SH:        It affects your SH (+5).
 s - the ring "Juceuxti" {rN++ rCorr Str+2}
   (You found it on level 3 of the Elven Halls)

   [ring of resist corrosion]

   Str:       It affects your strength (+2).
   rN:        It greatly protects you from negative energy.
   rCorr:     It protects you from acid and corrosion.
 D - a ring of protection from fire (right hand)
 P - the ring "Loxeprul" {rF++ rC- AC+4 Dex+5}
   (You took it off a deep elf blademaster on level 3 of the Elven Halls)

   [ring of protection]

   AC:        It affects your AC (+4).
   Dex:       It affects your dexterity (+5).
   rF:        It greatly protects you from fire.
   rC:        It makes you vulnerable to cold.
 X - a +6 ring of dexterity (left hand)
Wands
 z - a wand of paralysis (60)
 F - a wand of light (51)
 M - a wand of roots (53)
 N - a wand of polymorph (18)
 R - a wand of digging (2)
Scrolls
 g - 10 scrolls of fog
 h - 3 scrolls of butterflies
 l - 5 scrolls of immolation
 t - 28 scrolls of teleportation
 x - 2 scrolls of blinking
 C - 15 scrolls of poison
 G - a scroll of silence
 H - 6 scrolls of enchant armour
 Q - 6 scrolls of magic mapping
 T - 6 scrolls of fear
 Z - 12 scrolls of vulnerability
Potions
 f - 4 potions of cancellation
 i - 3 potions of heal wounds
 j - a potion of brilliance
 m - 21 potions of curing
 o - 25 potions of mutation
 p - 5 potions of invisibility
 r - 6 potions of haste
 v - 9 potions of magic
 A - 8 potions of might
 E - 11 potions of lignification
 I - 16 potions of flight
 K - a potion of resistance
 L - 3 potions of berserk rage
 V - 14 potions of ambrosia
Miscellaneous
 c - a lightning rod (4/4)
 J - a phial of floods
 S - a phantom mirror
 Y - a condenser vane


   Skills:
 + Level 24.4 Fighting
 + Level 17.1(17.3) Short Blades
 - Level 3.6(11.8) Long Blades
 + Level 6.6 Ranged Weapons
 + Level 4.8 Throwing
 + Level 14.8 Armour
 + Level 20.2 Dodging
 + Level 20.7 Stealth
 - Level 10.7 Shields
 * Level 10.2 Spellcasting
 * Level 13.1 Hexes
 - Level 2.0 Summonings
 - Level 5.0 Translocations
 - Level 11.0 Transmutations
 * Level 9.9 Ice Magic
 - Level 1.0 Earth Magic
 + Level 10.2 Evocations


You had 14 spell levels left.
You knew the following spells:

 Your Spells              Type           Power      Damage    Failure   Level
a - Ensorcelled Hibernat  Hex/Ice        96%        N/A       1%          2
b - Confusing Touch       Hex            52%        N/A       1%          3
c - Blink                 Tloc           50%        N/A       3%          2
d - Passwall              Tmut/Erth      24%        N/A       2%          2
e - Wereblood             Tmut           46%        N/A       1%          2
f - Yara's Violent Unrav  Hex/Tmut       24%        3d11      3%          5
g - Cause Fear            Hex            26%        N/A       1%          4
h - Lesser Beckoning      Tloc           50%        N/A       3%          2
i - Leda's Liquefaction   Hex/Erth       16%        N/A       10%         4
j - Summon Ice Beast      Ice/Summ       29%        N/A       16%         4

Your spell library contained the following spells:

 Spells                   Type           Power      Damage    Failure   Level
 Beastly Appendage        Tmut           92%        N/A       1%          1
 Freeze                   Ice            100%       1d10      1%          1
 Slow                     Hex            100%       N/A       1%          1
 Frozen Ramparts          Ice            84%        1d13      1%          3
 Ozocubu's Armour         Ice            42%        N/A       1%          3
 Portal Projectile        Hex/Tloc       78%        N/A       1%          3
 Apportation              Tloc           50%        N/A       2%          1
 Summon Guardian Golem    Hex/Summ       34%        N/A       2%          3
 Ice Form                 Ice/Tmut       44%        N/A       2%          4
 Inner Flame              Hex/Fire       31%        N/A       3%          3
 Spider Form              Tmut/Pois      27%        N/A       5%          3
 Blade Hands              Tmut           23%        N/A       5%          5
 Gell's Gravitas          Tloc           25%        N/A       7%          3
 Teleport Other           Tloc           25%        N/A       7%          3
 Summon Small Mammal      Summ           60%        N/A       8%          1
 Momentum Strike          Conj/Tloc      34%        3d8       10%         2
 Sandblast                Erth           24%        2d8       12%         1
 Call Imp                 Summ           30%        N/A       12%         2
 Ignite Poison            Fire/Tmut/Pois 21%        N/A       12%         3
 Anguish                  Hex/Necr       15%        N/A       12%         4
 Fulminant Prism          Conj/Hex       15%        3d10      12%         4
 Petrify                  Tmut/Erth      29%        N/A       16%         4
 Kiss of Death            Conj/Necr      32%        2d7       19%         1
 Magic Dart               Conj           32%        1d4       19%         1
 Necrotise                Necr           32%        1d5       19%         1
 Vhi's Electric Charge    Tloc/Air       34%        N/A       19%         3
 Volatile Blastmotes      Fire/Tloc      34%        2d12      19%         3
 Manifold Assault         Tloc           25%        N/A       22%         4
 Cigotuvi's Dreadful Rot  Necr/Pois/Air  16%        N/A       26%         2
 Static Discharge         Conj/Air       16%        2-3/arc   26%         2
 Sublimation of Blood     Necr           8%         N/A       26%         2
 Alistair's Intoxication  Tmut/Pois      18%        N/A       45%         5
 Irradiate                Conj/Tmut      13%        3d16      45%         5
 Mephitic Cloud           Conj/Pois/Air  8%         N/A       47%         3
 Swiftness                Air            8%         N/A       47%         3
 Vampiric Draining        Necr           8%         2d6       47%         3
 Iskenderun's Mystic Bla  Conj/Tloc      17%        2d5       54%         4
 Enfeeble                 Hex            26%        N/A       56%         7
 Freezing Cloud           Conj/Ice/Air   10%        6-21      77%         5
 Dragon Form              Tmut           23%        N/A       86%         7
 Dispel Undead            Necr           8%         3d8       87%         4
 Flame Wave               Conj/Fire      8%         2d5       87%         4
 Sticky Flame             Conj/Fire      8%         2d3       87%         4
 Statue Form              Tmut/Erth      19%        N/A       93%         6
 Eringya's Noxious Bog    Tmut/Pois      13%        N/A       96%         6
 Lee's Rapid Deconstruct  Erth           6%         3d6*      97%         5
 Dispersal                Tloc           12%        N/A       98%         6
 Simulacrum               Ice/Necr       12%        N/A       98%         6
 Borgnjor's Vile Clutch   Necr/Erth      5%         N/A       99%         5
 Iron Shot                Conj/Erth      5%         9d2       100%        6
 Malign Gateway           Summ/Tloc      10%        N/A       100%        7
 Orb of Destruction       Conj           4%         9d5       100%        7
 Spellforged Servitor     Conj/Summ      6%         N/A       100%        7
 Storm Form               Tmut/Air       13%        N/A       100%        7
 Ignition                 Fire           4%         3d4       100%        8
 Necromutation            Tmut/Necr      13%        N/A       100%        8
 Summon Horrible Things   Summ           7%         N/A       100%        8
 Polar Vortex             Ice            21%        N/A       100%        9
 Shatter                  Erth           6%         3d9*      100%        9


Dungeon Overview and Level Annotations

Branches:
Dungeon (15/15)            Temple (1/1) D:7            Lair (5/5) D:10
 Shoals (4/4) Lair:2       Spider (4/4) Lair:2        Slime (0/5) Lair:4
    Orc (2/2) D:11            Elf (3/3) Orc:2        Vaults (5/5) D:14
  Crypt (3/3) Vaults:3       Tomb (1/3) Crypt:3      Depths (3/4) D:15
   Hell (visited)          Bailey (visited)          WizLab (visited)
    Dis: Hell:1         Geh: Hell:1         Coc: Hell:1         Tar: Hell:1

Altars:
Ashenzari
Cheibriados
Dithmenos
Elyvilon
Fedhas
Gozag
Hepliaklqana
Kikubaaqudgha
Makhleb
Nemelex Xobeh
Okawaru
Qazlal
Ru
Sif Muna
Trog
Uskayaw
Vehumet
Wu Jian
Xom
Yredelemnul
Zin
The Shining One
Jiyva
Lugonu

Shops:
D:7 *   D:14 ?::   Orc:1 (   Orc:2 (:?[   Elf:2 ([[   Elf:3 *(   Shoals:2 *
Depths:1 *

Portals:
Hell: Depths:1 Depths:2
Abyss: Depths:1
Pandemonium: Depths:1 Depths:2
Ziggurat: Depths:1

Annotations:
Hell Geryon
Abyss:1 ChiefBigBeans's ghost, journeyman TrBe; Rupert


Innate Abilities, Weirdness & Mutations

((You are very nimble when in or above water. (Stealth+, EV+, Speed+++)))
Your lower body shifts to a powerful aquatic tail in water.
Armour fits poorly on your strangely shaped body.


Message History

* * * LOW HITPOINT WARNING * * *
The death scarab drains your vigour!
You feel as though you will be slow longer.
The death scarab draws strength from your injuries!
The death scarab closely misses you.
The death scarab completely misses you. x2
Okay, then.
You feel yourself speed up. The death scarab closely misses you. x2
The death scarab completely misses you. The death scarab bites you!!
* * * LOW HITPOINT WARNING * * *
The death scarab draws strength from your injuries!
The death scarab misses you.
The death scarab bites you but does no damage.
The death scarab misses you. x2; You block the death scarab's attack.
The death scarab misses you. You block the death scarab's attack.
The death scarab bites you but does no damage.
The death scarab completely misses you.
Casting: Cause Fear (mildly dangerous; 1% risk of failure)
Confirm with . or Enter, or press ? or * to list all spells.
You blink.
You feel less exhausted.
The death scarab waves its antennae.
Unknown command.
You spin and attack the death scarab repeatedly.
You hit the death scarab. x2
You destroy the death scarab!
The Council accepts your kill.
You spin and attack the death scarab repeatedly.
You hit the death scarab. You barely miss the death scarab.
You hit the death scarab. x3
You hit the death scarab but do no damage.
The death scarab bites you.
* * * LOW HITPOINT WARNING * * *
The death scarab drains your vigour!
You feel as though you will be slow longer.
The death scarab draws strength from your injuries!
The death scarab completely misses you. The death scarab barely misses you.
The death scarab bites you!!
* * * LOW HITPOINT WARNING * * *
The death scarab closely misses you. The death scarab bites you!
You die...

#################################
(................................
.................................
.................................
.................................
.................................
.................B.........†.....
...............B@......⌠.†.......
.......÷.......BB†B..............
.................BB..............
..........÷).....................
......................8...8......
..................§..n...........
...##################.......#####
...# #.8...8.# ...# #B......#


You could see 7 death scarabs and a necrophage (summoned).

Vanquished Creatures
  Mara (Vaults:3)
  Mennas (Vaults:5)
  2 ancient liches
  Sojobo (Vaults:5)
  Saint Roka (Vaults:3)
  Margery (Vaults:4)
  A mutant beast (WizLab)
  A golden dragon (Vaults:5)
  the Enchantress (Depths:2)
  The ghost of Vailuoroe the Devastator, a veteran GrEE of Lugonu (Crypt:3)
  Arachne (Spider:4)
  A bone dragon (Crypt:1)
  2 doom hounds (Crypt:2)
  A Tzitzimitl (Crypt:2)
  A shard shrike zombie (Crypt:3)
  2 hellephants (Depths:1)
  Zenata (Crypt:3)
  4 liches
  A tentacled monstrosity (Vaults:4)
  5 titans
  Mlioglotl (Shoals:1)
  5 deep elf master archers (Elf:3)
  6 deep elf blademasters (Elf:3)
  2 quicksilver dragons
  Grunn (Crypt:2)
  Asterion (Depths:2)
  7 sphinxes
  An acid blob (Depths:1)
  A tentacled starspawn (Abyss:4)
  6 ancient champions
  3 shadow dragons (Vaults:5)
  Kirke (Shoals:1)
  3 revenants
  8 tengu reavers
  A storm dragon (Vaults:5)
  5 fire giants
  An emperor scorpion (Spider:4)
  16 vault wardens
  Aizul (Shoals:2)
  8 deep elf sorcerers
  5 frost giants
  5 ghost moths
  A caustic shrike zombie (Crypt:2)
  2 deep elf elementalists (Elf:3)
  An iron dragon (Vaults:5)
  3 curse skulls
  Louise (D:15)
  17 ghouls
  4 orc warlords
  20 very ugly things
  2 reapers (Crypt:1)
  3 spriggan defenders (Depths:2)
  20 ironbound preservers
  A quicksilver ooze (shapeshifter) (Depths:2)
  A juggernaut skeleton (Crypt:3)
  9 ironbound thunderhulks
  3 war gargoyles
  12 stone giants
  2 deep elf demonologists (Elf:3)
  Nessos (D:14)
  4 vampire knights
  11 deep elf annihilators
  Azrael (D:14)
  A lorocyproca (Depths:1)
  4 dire elephants
  9 spark wasps
  5 eidola
  7 merfolk javelineers
  5 deep elf death magi
  12 ettins
  A crystal guardian (Vaults:2)
  Josephine (D:15)
  9 merfolk impalers
  5 fire dragons
  2 entropy weavers (shapeshifter) (WizLab)
  4 mummy priests (Tomb:1)
  5 deep elf high priests
  8 great orbs of eyes
  10 jiangshi
  21 yaktaur captains
  6 entropy weavers
  Fannar (Abyss:2)
  32 vault guards
  A spriggan zombie (Crypt:3)
  3 ice dragons
  5 rakshasas
  6 ironbound frosthearts
  2 peacekeepers
  An Orb Guardian zombie (Crypt:1)
  6 spriggan air magi
  8 two-headed ogres
  An ogre mage (Vaults:5)
  A catoblepas (shapeshifter) (Vaults:5)
  2 radroaches (Spider:2)
  4 merfolk avatars
  4 spriggan skeletons
  2 alligator snapping turtles
  A death knight (Crypt:1)
  16 centaur warriors
  A catoblepas (Abyss:2)
  4 jorogumos (Spider:4)
  7 boulder beetles
  3 death yaks (Lair:5)
  5 death scarabs (Tomb:1)
  4 merfolk aquamancers
  8 hell hogs (Depths:1)
  3 deep troll earth magi
  A fenstrider witch skeleton (Crypt:1)
  2 satyrs
  23 dancing weapons
  2 deep troll shamans
  8 vampire magi
  3 orc high priests
  2 thrashing horrors (Abyss:3)
  4 tengu warriors
  13 hell knights
  4 spriggan berserkers
  A soul eater (Depths:1)
  14 deep elf knights
  2 fire crabs (shapeshifter) (WizLab)
  2 wretched stars (Abyss:2)
  2 shadow wraiths (Crypt:3)
  A storm dragon skeleton (Depths:1)
  6 skysharks
  A golden dragon zombie (Crypt:2)
  7 pharaoh ants
  A sea snake (shapeshifter) (Depths:2)
  29 skeletal warriors
  A titan skeleton (Crypt:1)
  52 deep trolls
  4 iron trolls
  13 sea snakes
  16 orb spiders
  3 glowing orange brains (Depths:1)
  2 sun moths
  An anaconda zombie (Crypt:1)
  An orb spider (shapeshifter) (Vaults:5)
  5 bog bodies
  14 lindwurms
  4 flayed ghosts
  10 wizards
  A tengu zombie (Depths:1)
  15 deep elf archers
  An iron giant skeleton (Crypt:1)
  11 phantasmal warriors
  The ghost of Drain the Cleaver, a novice HOFi (D:6)
  A lindwurm (shapeshifter) (Depths:2)
  4 steelbarb worms
  12 necromancers
  7 orc knights
  16 ironbound convokers
  A broodmother zombie (Crypt:3)
  A sphinx zombie (Crypt:2)
  23 harpies
  9 orc sorcerers
  An anaconda skeleton (Abyss:3)
  An iron dragon zombie (Crypt:3)
  25 deep elf pyromancers
  19 wolf spiders
  28 deep elf zephyrmancers
  11 fauns
  41 ugly things
  A faun (shapeshifter) (Depths:1)
  4 worldbinders (Abyss:3)
  4 moths of wrath
  7 cyclopes
  7 elephants (Lair:2)
  8 manticores
  2 sphinx skeletons
  10 merfolk sirens
  5 black mambas
  24 vault sentinels
  13 water nymphs
  3 rust devils (Depths:1)
  6 torpor snails
  A green draconian zombie (Crypt:3)
  A guardian serpent (shapeshifter) (WizLab)
  15 cane toads
  3 cane toads (shapeshifter) (WizLab)
  3 demonic crawlers
  A naga skeleton (Crypt:3)
  2 titan simulacra (Crypt:1)
  An unseen horror (shapeshifter) (WizLab)
  3 eyes of devastation (Depths:1)
  A red draconian zombie (Crypt:1)
  7 rime drakes
  3 freezing wraiths
  7 komodo dragons
  An alligator snapping turtle skeleton (Crypt:3)
  An efreet (D:15)
  A tormentor (Crypt:1)
  37 yaktaurs
  A yaktaur (shapeshifter) (WizLab)
  3 tengu conjurers
  A komodo dragon (shapeshifter) (WizLab)
  2 death yak skeletons
  2 green draconian skeletons
  9 guardian mummies
  An unseen horror skeleton (Crypt:1)
  A queen bee (Lair:4)
  A polar bear (shapeshifter) (WizLab)
  A meliai (shapeshifter) (WizLab)
  2 queen bees (shapeshifter) (WizLab)
  An ancient zyme (Abyss:3)
  2 harpy zombies (Crypt:2)
  8 trolls
  11 wind drakes
  9 meliai
  20 tarantellas
  A polar bear (Lair:2)
  24 merfolk
  A shadow dragon simulacrum (Crypt:1)
  A wind drake (shapeshifter) (WizLab)
  2 harpy skeletons
  A tarantella (shapeshifter) (WizLab)
  2 hornets
  A hornet (shapeshifter) (WizLab)
  A snapping turtle (shapeshifter) (Vaults:1)
  9 snapping turtles
  5 blink frogs
  8 large abominations
  27 dream sheep
  2 raiju (Abyss:3)
  An ice dragon zombie (Crypt:3)
  A centaur simulacrum (D:15)
  8 flying skulls
  38 slime creatures
  A black mamba zombie (Crypt:1)
  2 vampires (D:12)
  26 jumping spiders
  11 culicivoras
  2 jumping spiders (shapeshifter) (WizLab)
  A ynoxinul (Abyss:4)
  A spriggan (Depths:2)
  25 water elementals
  10 air elementals
  10 wraiths
  2 ushabtiu (Tomb:1)
  A human (shapeshifter) (WizLab)
  19 yaks
  4 hogs (Shoals:1)
  A wyvern (D:7)
  A steam dragon (Lair:1)
  6 fire elementals
  7 humans (D:14)
  3 golden eyes (Depths:1)
  7 basilisks
  An iron golem (WizLab)
  41 redbacks
  A neqoxec (Depths:2)
  13 vampire mosquitoes
  Edmund (D:6)
  A swamp worm (shapeshifter) (Vaults:4)
  A warg (Elf:3)
  15 water moccasins
  A spatial vortex (Abyss:3)
  A glowing shapeshifter zombie (Depths:1)
  2 acid dragons
  4 hell hounds (D:14)
  7 floating eyes
  A glowing shapeshifter skeleton (Crypt:2)
  40 orc warriors
  2 two-headed ogre skeletons
  A sky beast (D:7)
  An ice beast (shapeshifter) (Vaults:5)
  11 ogres
  13 wolves
  10 boggarts (Vaults:2)
  14 centaurs
  2 phantoms (D:5)
  2 kobold brigands
  16 bullfrogs
  A naga simulacrum (Crypt:2)
  3 earth elementals
  7 necrophages
  A komodo dragon skeleton (Crypt:2)
  2 scorpions
  2 wights (D:8)
  A yak zombie (Crypt:3)
  6 small abominations (WizLab)
  A troll zombie (Crypt:2)
  26 killer bees
  A raiju skeleton (Crypt:1)
  A troll skeleton (Crypt:1)
  3 vampire bats (D:9)
  3 howler monkeys
  An electric eel (Lair:1)
  A bullfrog zombie (Crypt:1)
  2 centaur skeletons (Crypt:1)
  A black bear zombie (Crypt:2)
  6 hounds
  3 jellies
  22 orc priests
  A sleepcap (D:6)
  3 iguanas
  A hell rat (Lair:5)
  29 orc wizards
  11 mummies
  5 gnolls
  4 adders
  4 river rats (Lair:5)
  A shadow imp (D:6)
  2 white imps
  2 ufetubi
  A dart slug (D:1)
  110 orcs
  A bat skeleton (D:9)
  2 bat zombies (D:9)
  6 endoplasms
  3 giant cockroaches
  11 goblins
  10 hobgoblins
  29 kobolds
  7 quokkas
  3 training dummies (Elf:3)
  12 ball pythons
  2 bats (D:1)
  4 frilled lizards
  A frilled lizard zombie (Crypt:3)
  A giant cockroach zombie (Crypt:2)
  A hobgoblin skeleton (Crypt:3)
  A jackal skeleton (Crypt:2)
  10 rats
2070 creatures vanquished.

Vanquished Creatures (collateral kills)
  A jumping spider (Spider:4)
1 creature vanquished.

Vanquished Creatures (others)
  A tentacled starspawn (Abyss:2)
  A deep elf death mage (Elf:3)
  A merfolk impaler (Shoals:4)
  A jorogumo (Spider:1)
  A deep elf zephyrmancer (Elf:1)
  An ugly thing (D:14)
  2 humans (Shoals:1)
  A small abomination (Abyss:3)
  An earth elemental (Elf:1)
  12 starspawn tentacles
22 creatures vanquished.

Grand Total: 2093 creatures vanquished

Notes
Turn   | Place    | Note
-------+----------+-------------------------------------------
     0 | D:1      | monsoonserge the Merfolk Gladiator began the quest for the
                  | Orb.
     0 | D:1      | Reached XP level 1. HP: 16/16 MP: 1/1
   344 | D:1      | Reached XP level 2. HP: 23/23 MP: 2/2
   723 | D:1      | Reached XP level 3. HP: 28/28 MP: 3/3
   814 | D:2      | Reached skill level 5 in Dodging
  1126 | D:2      | Reached XP level 4. HP: 34/34 MP: 4/4
  1340 | D:2      | Got the Exposition on Combat Magic and the Nimbus
  1616 | D:3      | Reached skill level 1 in Short Blades
  1815 | D:3      | Reached skill level 1 in Armour
  1815 | D:3      | Reached XP level 5. HP: 40/40 MP: 5/5
  1878 | D:3      | Reached skill level 3 in Fighting
  2148 | D:3      | Found a faded altar of an unknown god.
  2410 | D:4      | Noticed an ogre
  2728 | D:4      | Noticed a phantom
  2744 | D:4      | Identified the +7 quarterstaff of the Ring {drain, MP+9}
  2762 | D:5      | Entered Level 5 of the Dungeon
  2790 | D:5      | Reached XP level 6. HP: 31/47 MP: 6/6
  2851 | D:5      | Found a shimmering altar of Xom.
  3197 | D:5      | Reached XP level 7. HP: 48/52 MP: 7/7
  3952 | D:4      | Reached XP level 8. HP: 58/60 MP: 8/8
  4357 | D:6      | Reached skill level 5 in Short Blades
  4357 | D:6      | Reached skill level 1 in Stealth
  4377 | D:6      | Reached skill level 4 in Fighting
  4405 | D:6      | Noticed a yak
  4405 | D:6      | Noticed a yak
  4405 | D:6      | Noticed a yak
  4405 | D:6      | Noticed a yak
  4405 | D:6      | Noticed a yak
  4435 | D:5      | Killed a yak
  5115 | D:6      | Noticed Edmund
  5129 | D:6      | Killed Edmund
  5138 | D:6      | Found a runed translucent door.
  5138 | D:6      | Noticed Drain's ghost (novice HOFi)
  5403 | D:7      | Noticed a yak
  5403 | D:7      | Noticed a yak
  5403 | D:7      | Noticed a yak
  5403 | D:7      | Noticed a yak
  5416 | D:7      | Banished a yak
  5417 | D:7      | Reached XP level 9. HP: 56/66 MP: 9/9
  5651 | D:7      | Found a staircase to the Ecumenical Temple.
  5672 | Temple   | Entered the Ecumenical Temple
  5875 | Temple   | Became a worshipper of the Wu Jian Council
  5945 | D:7      | Reached skill level 5 in Fighting
  5945 | D:7      | Reached skill level 5 in Armour
  5996 | D:7      | Found Zaunior's CLEARANCE SALE!.
  6183 | D:7      | Found a sparkling altar of Nemelex Xobeh.
  6657 | D:8      | Reached XP level 10. HP: 61/74 MP: 10/10
  6685 | D:8      | Found a flagged portal.
  6694 | D:8      | Reached skill level 1 in Shields
  6706 | Bailey   | Entered a bailey
  6739 | Bailey   | Reached * piety under Wu Jian
  7606 | D:9      | Noticed a cyclops
  7909 | D:9      | Found a faded altar of an unknown god.
  7909 | D:9      | Found a snail-covered altar of Cheibriados.
  7918 | D:9      | Found a shadowy altar of Dithmenos.
  7920 | D:9      | Found a hide-covered altar of Uskayaw.
  7921 | D:9      | Found a bloodstained altar of Trog.
  8096 | D:10     | Entered Level 10 of the Dungeon
  8424 | D:9      | Found an ancient bone altar of Kikubaaqudgha.
  8432 | D:9      | Banished a cyclops
  8946 | D:10     | Reached ** piety under Wu Jian
  8995 | D:10     | Found a staircase to the Lair.
  9010 | D:10     | Noticed a two-headed ogre
  9025 | D:10     | Killed a two-headed ogre
  9026 | D:10     | Reached skill level 6 in Fighting
  9026 | D:10     | Reached skill level 10 in Dodging
  9026 | D:10     | Reached skill level 5 in Stealth
  9026 | D:10     | Reached XP level 11. HP: 81/81 MP: 11/11
  9540 | D:11     | Noticed a boulder beetle
  9556 | D:11     | Killed a boulder beetle
  9630 | D:11     | Reached skill level 5 in Shields
 10248 | D:11     | Noticed a cyan ugly thing
 10255 | D:11     | Banished a cyan ugly thing
 10375 | D:11     | Noticed a boulder beetle
 10379 | D:11     | Banished a boulder beetle
 10380 | D:11     | Reached skill level 1 in Evocations
 10388 | D:11     | Noticed a two-headed ogre
 10404 | D:11     | Killed a two-headed ogre
 10602 | D:11     | Reached *** piety under Wu Jian
 10639 | D:11     | Reached skill level 7 in Fighting
 10777 | D:11     | Found a staircase to the Orcish Mines.
 11306 | D:12     | Noticed a cyan ugly thing
 11308 | D:12     | Killed a cyan ugly thing
 11309 | D:12     | Reached XP level 12. HP: 91/91 MP: 12/12
 11954 | D:13     | Noticed a centaur warrior
 12161 | D:12     | Reached skill level 8 in Fighting
 12283 | D:13     | Noticed a centaur warrior
 12284 | D:13     | Killed a centaur warrior
 12547 | D:6      | Killed Drain's ghost
 12548 | D:6      | Reached skill level 10 in Short Blades
 12647 | Lair:1   | Entered Level 1 of the Lair of Beasts
 12732 | Lair:1   | Reached **** piety under Wu Jian
 12889 | Lair:1   | Noticed ChiefBigBeans's ghost (journeyman TrBe)
 12891 | Lair:1   | Found a runed translucent gate.
 12892 | Lair:1   | Found a runed translucent gate.
 12892 | Lair:1   | Found a runed translucent gate.
 13098 | Lair:1   | Reached XP level 13. HP: 84/99 MP: 13/13
 13779 | Lair:2   | Found a hole to the Spider Nest.
 13839 | Lair:2   | Got Illior's Precepts of Igneous Bruises
 13843 | Lair:2   | Found a staircase to the Shoals.
 13916 | Lair:2   | Reached skill level 9 in Fighting
 14807 | Lair:2   | Reached skill level 10 in Stealth
 15145 | Lair:3   | Noticed Rupert
 15636 | Lair:3   | Noticed Fannar
 15648 | Lair:3   | Banished Fannar
 16111 | Lair:1   | Banished ChiefBigBeans's ghost
 16112 | Lair:1   | Reached skill level 10 in Fighting
 16119 | Lair:1   | Reached XP level 14. HP: 92/110 MP: 14/14
 16152 | Lair:1   | Identified the +8 broad axe of Strategic Superiority
                  | {venom, rPois}
 16225 | Lair:4   | Reached ***** piety under Wu Jian
 16709 | Lair:4   | Found a staircase to the Slime Pits.
 16784 | Lair:4   | Found a viscous altar of Jiyva.
 17655 | Lair:5   | Entered Level 5 of the Lair of Beasts
 17655 | Lair:5   | Found an iron altar of Okawaru.
 18030 | Lair:5   | Reached skill level 10 in Shields
 18293 | Lair:5   | HP: 1/111 [rime drake/icy flash freeze (12)]
 19482 | Lair:3   | Banished Rupert
 19897 | D:13     | Found the +12 pair of quick blades "Gyre" and "Gimble"
                  | {protect}
 20149 | D:13     | Reached XP level 15. HP: 90/117 MP: 15/15
 20303 | D:13     | Reached skill level 5 in Evocations
 20351 | D:14     | Found Secuma's Magic Scroll Shoppe.
 20362 | D:14     | Bought a scroll of fear for 56 gold pieces
 20362 | D:14     | Bought a scroll of butterflies for 56 gold pieces
 20394 | D:14     | Reached skill level 11 in Fighting
 20450 | D:14     | Found Kefi's Book Boutique.
 20450 | D:14     | Noticed a walking divine tome
 20450 | D:14     | Noticed a walking earthen tome
 20472 | D:14     | Noticed Azrael
 20503 | D:14     | Killed Azrael
 21375 | D:14     | Found a gate to the Vaults.
 21705 | D:14     | Noticed Nessos
 21712 | D:14     | Killed Nessos
 21735 | D:14     | Found Zoeta's Book Emporium.
 21882 | D:15     | Entered Level 15 of the Dungeon
 21989 | D:15     | Found a staircase to the Depths.
 22070 | D:15     | Found a hide-covered altar of Uskayaw.
 22239 | D:15     | Found a shimmering blue altar of Sif Muna.
 22269 | D:15     | Noticed Louise
 22271 | Abyss:2  | Cast into level 2 of the Abyss (Louise)
 22280 | Abyss:2  | Reached skill level 12 in Fighting
 22302 | D:15     | Escaped the Abyss
 22315 | D:15     | Killed Louise
 22370 | D:15     | Noticed Josephine
 22379 | D:15     | Killed Josephine
 22628 | D:14     | Bought a book of Burglary for 380 gold pieces
 22632 | D:14     | Learned a level 2 spell: Ensorcelled Hibernation
 23271 | D:15     | Reached skill level 1 in Hexes
 23612 | Orc:1    | Entered Level 1 of the Orcish Mines
 23612 | Orc:1    | Found Qemahed's Weapon Shop.
 23663 | Orc:1    | Reached skill level 1 in Spellcasting
 23663 | Orc:1    | Reached skill level 1 in Ice Magic
 23876 | Orc:2    | Entered Level 2 of the Orcish Mines
 23991 | Orc:2    | Found a bloodstained altar of Trog.
 24119 | Orc:2    | Found Zeicwol's Book Shoppe.
 24119 | Orc:2    | Found Icibeoh's Antique Armour Emporium.
 24119 | Orc:2    | Found Vauha's Magic Scroll Emporium.
 24239 | Orc:2    | Reached XP level 16. HP: 91/129 MP: 18/18
 24653 | Orc:2    | Reached skill level 1 in Ranged Weapons
 24761 | Orc:2    | Found a staircase to the Elven Halls.
 24941 | Orc:2    | Found Ixeneoc's Antique Weapon Shoppe.
 25495 | Orc:2    | Bought a runed helmet for 247 gold pieces
 25495 | Orc:2    | Bought a pair of glowing gloves for 247 gold pieces
 25703 | Shoals:1 | Entered Level 1 of the Shoals
 25769 | Shoals:1 | Reached skill level 15 in Dodging
 25802 | Shoals:1 | Noticed Kirke
 25811 | Shoals:1 | Killed Kirke
 25835 | Shoals:1 | Learned a level 3 spell: Confusing Touch
 25850 | Shoals:1 | Reached skill level 13 in Fighting
 25864 | Shoals:1 | Noticed Mlioglotl
 25878 | Shoals:1 | Killed Mlioglotl
 26178 | Shoals:1 | Reached ****** piety under Wu Jian
 26723 | Shoals:2 | Found Rote's Retail Resort.
 26746 | Shoals:2 | Noticed Aizul
 27250 | Shoals:2 | Killed Aizul
 27914 | Shoals:2 | Bought the amulet of Dinkenem {Reflect rPois rCorr Int+4
                  | SH+5} for 993 gold pieces
 28053 | Shoals:2 | Reached XP level 17. HP: 137/137 MP: 21/21
 28245 | Shoals:3 | Reached skill level 5 in Hexes
 29306 | Shoals:4 | Entered Level 4 of the Shoals
 30050 | Shoals:4 | Reached skill level 15 in Stealth
 30058 | Shoals:4 | Identified the amulet of the Queen {Spirit Contam rC+
                  | Regen+}
 30058 | Shoals:4 | Identified the amulet of Orphiobli {Acrobat rCorr Int+2}
 30064 | Shoals:4 | Paralysed by an air elemental for 1 turns
 30071 | Shoals:4 | Reached skill level 14 in Fighting
 30140 | Shoals:4 | Noticed a titan
 30156 | Shoals:4 | Killed a titan
 30163 | Shoals:4 | Got Hoesho's Disquisition on the Vexatious Chill
 30165 | Shoals:4 | Got a barnacled rune of Zot
 30285 | Shoals:4 | Reached skill level 10 in Armour
 30927 | Spider:1 | Entered Level 1 of the Spider Nest
 31402 | Spider:1 | You fall into a shaft and drop 1 floor!
 31559 | Spider:2 | Reached XP level 18. HP: 127/147 MP: 22/22
 32273 | Spider:2 | Identified the +0 robe of Raokk {Rampage rC++}
 32348 | Spider:2 | Reached skill level 15 in Fighting
 32681 | Spider:2 | Reached skill level 5 in Ranged Weapons
 33657 | Spider:4 | Entered Level 4 of the Spider Nest
 34188 | Spider:4 | Learned a level 2 spell: Blink
 34231 | Spider:4 | Reached skill level 10 in Evocations
 34267 | Spider:4 | Noticed Arachne
 34278 | Spider:4 | Reached skill level 1 in Translocations
 34283 | Spider:4 | Killed Arachne
 34972 | Spider:4 | Got a gossamer rune of Zot
 35601 | Vaults:1 | Entered Level 1 of the Vaults
 35627 | Vaults:1 | Reached XP level 19. HP: 156/156 MP: 25/25
 35688 | Vaults:1 | Learned a level 2 spell: Passwall
 35858 | Vaults:1 | Found a magical portal.
 35874 | WizLab   | Entered Cigotuvi's Fleshworks
 36032 | WizLab   | Reached skill level 16 in Fighting
 36246 | WizLab   | Paralysed by a floating eye for 3 turns
 36250 | WizLab   | Reached skill level 1 in Transmutations
 36275 | WizLab   | Paralysed by a floating eye for 4 turns
 36334 | WizLab   | Identified the ring "Tairael" {MP+9 Int+6 Stlth+}
 36387 | WizLab   | Got the Papyrus of Transformation
 36392 | WizLab   | Got Cigotuvi's Secrets of Ghoulish Reconstruction
 36395 | WizLab   | Got the Volume of Transmogrification
 36910 | Vaults:1 | Paralysed by a great orb of eyes for 2 turns
 38227 | Vaults:1 | Reached skill level 5 in Ice Magic
 38609 | Vaults:1 | Reached XP level 20. HP: 164/167 MP: 27/27
 38617 | Vaults:1 | Reached skill level 17 in Fighting
 38645 | Vaults:1 | Reached skill level 5 in Spellcasting
 40417 | Vaults:2 | Learned a level 2 spell: Wereblood
 40888 | Vaults:3 | Learned a level 5 spell: Yara's Violent Unravelling
 41047 | Vaults:3 | Noticed Mara
 41049 | Vaults:3 | Killed Mara
 42292 | Vaults:3 | Found a staircase to the Crypt.
 42445 | Vaults:3 | Noticed Saint Roka
 42475 | Vaults:3 | Killed Saint Roka
 42476 | Vaults:3 | Reached skill level 5 in Transmutations
 42481 | Vaults:3 | Identified the +4 scale mail of Lett {rN++}
 43130 | Vaults:3 | Reached XP level 21. HP: 157/176 MP: 30/30
 43447 | Vaults:4 | Noticed Margery
 43454 | Vaults:4 | Killed Margery
 43455 | Vaults:4 | Reached skill level 18 in Fighting
 43593 | Vaults:4 | Identified the ring "Peyjy" {*Slow rPois rN+ Str+3}
 43603 | Vaults:4 | Identified the ring "Xoumagyq" {Fire Will+ Dex+2}
 44021 | Abyss:2  | Cast into level 2 of the Abyss (a wizard)
 44023 | Abyss:2  | Found a corrupted altar of Lugonu.
 44053 | Abyss:2  | Killed Fannar
 44167 | Abyss:3  | Found a corrupted altar of Lugonu.
 44274 | Abyss:3  | Got an abyssal rune of Zot
 44275 | Abyss:3  | HP: 2/178 [tengu reaver/+0 dire flail (19)]
 44325 | Vaults:4 | Escaped the Abyss
 44939 | Crypt:1  | Entered Level 1 of the Crypt
 45359 | Crypt:1  | Reached skill level 5 in Translocations
 46183 | Crypt:1  | Reached skill level 10 in Hexes
 46438 | Crypt:1  | Reached XP level 22. HP: 163/186 MP: 33/33
 47107 | Crypt:2  | Noticed Grunn
 47116 | Crypt:2  | Paralysed by something for 2 turns
 47124 | Crypt:2  | HP: 8/185 [something (18)]
 48559 | Depths:1 | Entered Level 1 of the Depths
 49121 | Depths:1 | Reached skill level 19 in Fighting
 49122 | Depths:1 | Found a corrupted altar of Lugonu.
 49122 | Depths:1 | Found a one-way gate to the infinite horrors of the Abyss.
 49244 | Depths:1 | Identified the +1 plate armour of Servitude {rElec Int+4
                  | Dex-3 SInv}
 49732 | Depths:1 | Found a gateway to Hell.
 50022 | Depths:1 | Found Ikhlif's Neck Hole.
 50387 | Depths:1 | Found a one-way gateway to a ziggurat.
 50402 | Depths:1 | Found a stormy altar of Qazlal.
 50663 | Depths:1 | Found a one-way gate leading to the halls of Pandemonium.
 51078 | Hell     | Entered the Vestibule of Hell
 51078 | Hell     | Noticed Geryon
 51422 | Depths:2 | Noticed Asterion
 51427 | Depths:2 | Killed Asterion
 51855 | Depths:2 | Noticed the Enchantress
 52186 | Depths:2 | Reached XP level 23. HP: 72/194 MP: 31/35
 52392 | Depths:2 | Killed the Enchantress
 52393 | Depths:2 | Reached skill level 10 in Transmutations
 52624 | Depths:2 | Found a blossoming altar of Fedhas.
 53689 | Elf:1    | Entered Level 1 of the Elven Halls
 53802 | Elf:1    | Learned a level 4 spell: Cause Fear
 54301 | Elf:1    | Reached skill level 15 in Short Blades
 54694 | Elf:2    | Found Ratiddy's Antique Armour Boutique.
 54711 | Elf:2    | Bought an encrusted leather armour for 168 gold pieces
 54711 | Elf:2    | Identified the +0 leather armour of Eternal Vigilance
                  | {Will+} (You bought it in a shop on level 2 of the Elven
                  | Halls)
 54797 | Elf:2    | Found Paloem's Weapon Emporium.
 54803 | Abyss:4  | Cast into level 4 of the Abyss (a deep elf sorcerer)
 54808 | Abyss:4  | Found a corrupted altar of Lugonu.
 54911 | Elf:2    | Escaped the Abyss
 55010 | Elf:2    | Found Yckear's Antique Armour Emporium.
 55023 | Elf:2    | Bought a runed helmet for 210 gold pieces
 55039 | Elf:2    | Bought a slimy scale mail for 252 gold pieces
 55039 | Elf:2    | Identified the +2 scale mail of Beogh's Grace {rF+ Slay+5}
                  | (You bought it in a shop on level 2 of the Elven Halls)
 55311 | Elf:2    | Found a runed translucent gate.
 55311 | Elf:2    | Found a runed translucent gate.
 55320 | Elf:2    | Found a runed translucent gate.
 55706 | Elf:2    | Reached skill level 20 in Fighting
 55986 | Elf:3    | Entered Level 3 of the Elven Halls
 56134 | Elf:3    | Identified the +4 flail of the Vanishing Cities {heavy,
                  | rF+}
 56199 | Elf:3    | Found Unuidieg's General Store.
 56287 | Elf:3    | Found Namuo's Firing Range.
 57262 | Elf:3    | Identified the +3 mace of Utsuwkui {flame, rC- Int+9
                  | Stlth+}
 57263 | Elf:3    | Reached XP level 24. HP: 127/204 MP: 35/36
 57522 | Elf:3    | Identified the +0 robe "Qasiyxzete" {*Slow rF++ Slay+5}
 57589 | Elf:3    | Identified the ring "Juceuxti" {rN++ rCorr Str+2}
 57592 | Elf:3    | Identified the ring "Loxeprul" {rF++ rC- AC+4 Dex+5}
 58025 | Elf:3    | Identified the +1 mace of Prudence {venom, Int+4}
 59382 | Crypt:1  | Learned a level 2 spell: Lesser Beckoning
 60105 | Crypt:2  | Reached skill level 21 in Fighting
 60366 | Crypt:2  | Killed Grunn
 60395 | Crypt:3  | Entered Level 3 of the Crypt
 60700 | Crypt:3  | Found a staircase to the Tomb.
 61142 | Crypt:3  | Reached skill level 22 in Fighting
 61145 | Crypt:3  | Reached skill level 10 in Spellcasting
 61477 | Crypt:3  | Found a runed translucent door.
 61489 | Crypt:3  | Noticed Vailuoroe's ghost (veteran GrEE)
 61593 | Crypt:3  | Killed Vailuoroe's ghost
 61937 | Crypt:3  | Got Zempa's Incunable of Oromancy
 61938 | Crypt:3  | Identified the +0 hat "Qoora" {rCorr}
 62011 | Crypt:3  | Identified the +12 spear of the Burning Seer {elec, Fly}
 62849 | Crypt:3  | Noticed an ancient lich
 62871 | Crypt:3  | Killed an ancient lich
 62881 | Crypt:3  | Identified the +14 plate armour of the Harvest Moon {Int+2}
 62886 | Crypt:3  | Identified the +3 long sword of False Accusations {venom,
                  | rF+ rC+ rCorr Dex+4}
 63131 | Crypt:3  | Noticed Zenata
 63132 | Crypt:3  | Killed Zenata
 63650 | Vaults:4 | Got the Discourse on the Translocational Tundra
 63726 | Vaults:5 | Entered Level 5 of the Vaults
 63756 | Vaults:4 | Reached skill level 23 in Fighting
 64126 | Vaults:5 | Noticed an ancient lich
 64130 | Vaults:5 | Reached XP level 25. HP: 97/221 MP: 37/37
 64162 | Vaults:4 | Killed an ancient lich
 65603 | Vaults:4 | Learned a level 4 spell: Leda's Liquefaction
 65913 | Vaults:5 | Reached skill level 24 in Fighting
 66707 | Vaults:5 | Noticed Mennas
 66725 | Vaults:5 | Noticed Sojobo
 66753 | Vaults:5 | Paralysed by an air elemental for 1 turns
 66756 | Vaults:5 | Killed Sojobo
 67089 | Vaults:5 | Got the Tractate on Locality
 67191 | Vaults:5 | Killed Mennas
 67192 | Vaults:5 | Reached skill level 1 in Earth Magic
 67928 | Vaults:5 | Found the +1 robe of Vines {NoPotionHeal Regen++++}
 67929 | Vaults:5 | Found the +9 scales of the Dragon King {rPois rF+ rC+
                  | Will+}
 68233 | Vaults:5 | Identified the +1 cloak "Orhocw" {+Inv Str-3 Int+3}
 68386 | Vaults:5 | Learned a level 4 spell: Summon Ice Beast
 68469 | Vaults:5 | Got the Spellbook of Destruction and Arson
 68540 | Vaults:5 | Got a silver rune of Zot
 68586 | Vaults:5 | Identified the +4 ring mail "Roufec" {Slay+4}
 68748 | Vaults:5 | Got Bipifo's Spellbook of Reshaped Orientation
 69037 | Vaults:5 | Identified the +8 chain mail of Inference {Contam Harm
                  | Dex+4}
 69046 | Vaults:5 | Reached skill level 1 in Summonings
 69302 | Tomb:1   | Entered Level 1 of the Tomb of the Ancients
 69710 | Tomb:1   | Paralysed by a sphinx for 4 turns
 69723 | Tomb:1   | Paralysed by a sphinx for 5 turns
 70131 | Tomb:1   | Gained mutation: Armour fits poorly on your strangely
                  | shaped body. [a neqoxec]
 70148 | Tomb:1   | HP: 10/225 [death scarab (22)]
 70148 | Tomb:1   | Mangled by a death scarab

Illustrated notes

Levels and vault maps discovered:
D:1:      dpeg_arrival_snail, layout_loops_ring
D:2:      layout_loops_ring, chequers_serial_rivers_micro_d,
          lexackson_kobold_supper
D:3:      minmay_angry_zag, layout_loops_ring, serial_rivers,
          chequers_serial_rivers_marsh, chequers_serial_rivers_micro_d,
          chequers_serial_rivers_micro_d, chequers_serial_rivers_micro_c,
          chequers_serial_rivers_micro_e, chequers_serial_rivers_room_b,
          shapermc_ecumenical_altar_ellora, eino_tiny_chamber, st_stairs_1
D:4:      layout_loops_cross
D:5:      layout_loops_ring, mainiacjoe_overflow_six_doors_small,
          water_maze_lemuel
D:6:      layout_basic, gammafunk_ghost_grave, kennysheep_small_circle,
          uniq_edmund
D:7:      layout_basic, marbit_many_paths, minmay_temple_entry_slanted,
          minmay_misc_feat_five, nicolae_shop_clearance
D:8:      layout_cave_pools, enter_bailey_7, chequers_serial_rivers_micro_a
D:9:      layout_loops_ring, chequers_temple_overflow_minitemple,
          kennysheep_vampire_church
D:10:     layout_layer_cave, lair_entry_dummy
D:11:     layout_roguey [special_room_orc], hiddenorc1_lemuel
D:12:     layout_long_grid
D:13:     layout_roguey, nicolae_water_bricks, corexii_corridor_pit,
          hellmonk_guarded_unrand_gyre_and_gimble
D:14:     layout_loops_ring, ximxim_vaults_locker_room, serial_shops,
          nicolae_take_the_stairs, nicolae_shop_mannequins,
          nicolae_shop_advertising_works [nicolae_subvault_shop_adworks],
          kennysheep_big_empty_room, serial_co_window_serial, co_window_paths_a,
          co_window_corner_a, co_window_paths_a, co_window_corner_a,
          co_window_corner_a, co_window_broadway_b, co_window_corner_ca,
          co_window_broadway_b, co_window_corner_b, glass_columns_a,
          glass_columns_b, uniq_nessos, uniq_azrael
D:15:     grunt_enter_depths_hoard, layout_irregular_city, led_sif_pool,
          dancing_weapons_uskayaw, uniq_louise, uniq_josephine
Temple:   regret_index_temple_generic_petals
Lair:1:   layout_regular_city, gammafunk_ghost_split, grunt_megastairs_5,
          serial_bayou_shore_a
Lair:2:   layout_cave_pods, minmay_shoals_entry_lonely_mermaid,
          spider_nest_entry_rubble, nicolae_lair_lindhole, lemuel_fruit_tree
Lair:3:   layout_chaotic_city, uniq_fannar, uniq_rupert
Lair:4:   layout_roguey [special_room_bee], slime_entry_1
Lair:5:   hangedman_lair_in_review, layout_loops_ring, basic_altar,
          kennysheep_rathole
Shoals:1: layout_shoals, uniq_kirke, uniq_mlioglotl
Shoals:2: layout_shoals, nicolae_alphabet_shops, nicolae_shoals_lost_giant_hut,
          uniq_aizul
Shoals:3: layout_shoals
Shoals:4: shoals_end_hellmonk_storm_palace [storm_palace_center_ruins,
          storm_palace_corner_blocked, storm_palace_corner_narrow,
          storm_palace_corner_narrow, storm_palace_corner_reverse_hut],
          serial_shops
Spider:1: layout_spider_delve
Spider:2: layout_spider_delve, nicolae_spider_webs_and_nodes
Spider:3: layout_spider_delve
Spider:4: johnstein_spider_rune_arachne_lair, drop_trap
Orc:1:    layout_diamond_mine, serial_shops, nicolae_shop_statue_plus
Orc:2:    st_orc_mages, layout_caves, basic_altar, minmay_orc_barracks
Elf:1:    layout_geoelf_diagonals, minmay_elf_crystal_heptagon,
          grunt_megastairs_3
Elf:2:    elven_hall_of_blades_hangedman_original
          [nicolae_blade_entry_pointy_end], layout_geoelf_grid, serial_shops,
          shop, shop, nicolae_stop_n_shop_1, lemuel_flamethrower_3
Elf:3:    minmay_elf_hall, layout_loops_cross, serial_shops,
          nicolae_shop_rolling_square, nicolae_shop_firing_range
Vaults:1: mu_enter_wizlab_5, nicolae_vaults_heist, ontoclasm_vaults_spin,
          nicolae_vaults_trapezoid_2, v_misc_17,
          ontoclasm_vaults_claustrophobia, vaults_mumra_hex,
          ontoclasm_vaults_fault, v_alt_pattern_2,
          nicolae_vaults_border_crossing, st_lattice,
          nicolae_vaults_doubleplus_tesselated, grunt_vaults_hallway_long,
          layout_vaults_ring
Vaults:2: hangedman_vaults_slither, hangedman_vaults_stagger,
          nicolae_vaults_network_periphery, nicolae_vaults_circle_grid_a,
          nicolae_vaults_offset_grid_hallway_4,
          nicolae_vaults_trapezoid_lopsided_3, nicolae_vaults_rhombus_6,
          nicolae_vaults_hexular_roomagon, vaults_dpeg_ring,
          vaults_room_door_hall, v_misc_9, nicolae_vaults_apartment_1,
          vaults_room_fours, ontoclasm_vaults_shuriken, layout_vaults_big_cross
Vaults:3: nicolae_vaults_weapon_check, nicolae_vaults_closet_pinwheel_4,
          nicolae_vaults_diagonal_hallway_7, nicolae_vaults_crenellated_ambush,
          nicolae_vaults_double_plus_2, layout_vaults_quadrants, uniq_mara,
          uniq_saint_roka
Vaults:4: nicolae_vaults_alarming, nicolae_vaults_little_squares_2,
          nicolae_vaults_diamond_1, v_alt_pattern_4,
          hangedman_vaults_stretched_pinwheel, nicolae_vaults_museum,
          hangedman_vaults_snaps, nicolae_vaults_double_plus_3,
          nicolae_vaults_tetromino_T_2, ontoclasm_vaults_gateway,
          layout_vaults_chaotic_city, uniq_margery
Vaults:5: uniq_sojobo, uniq_mennas
Crypt:1:  layout_basic, grunt_crypt_arrival_split
Crypt:2:  layout_basic, hex_large, uniq_grunn
Crypt:3:  david_glass_crypt, layout_gridlike, hellmonk_ghost_big_iron,
          nicolae_crypt_small_crypt, minmay_guarded_unrand_curses, uniq_zenata
Tomb:1
Depths:1: hangedman_surveillance_ring, layout_gridlike, enter_ziggurat_b,
          rand_demon_pan_entry_5, nicolae_qazlal_scattered_showers,
          abyss_entry_flame_altar, grunt_hell_horde,
          nicolae_shop_sticking_my_neck_out, grunt_megastairs_2,
          infiniplex_staircase_pool_lava
Depths:2: nicolae_moon_pools, layout_cave_shapes, fedhas_altar_4, hell_entry,
          grunt_pan_entry_sceptre, kennysheep_inner_square,
          minmay_staircase_windowed_small, uniq_asterion, uniq_enchantress
Depths:3: hangedman_arch_fort, layout_twisted_cross, minmay_strange_pillars,
          hellmouth_1, nicolae_abyss_entry_one_way_or_another
Hell

Skill      XL: |  1  2  3  4  5  6  7  8  9 10 11 12 13 14 15 16 17 18 19 20 21 22 23 24 25 |
---------------+----------------------------------------------------------------------------+-----
Dodging        | 5 6 7 8 10 11 12 13 14 15 16 17 18 19 20 | 20.2
Short Blades   | 1 2 3 4 6 8 9 10 11 12 13 14 15 16 17 | 17.1
Armour         | 1 2 3 4 5 6 7 8 9 10 11 12 13 14 | 14.8
Fighting       | 3 4 5 6 7 8 10 12 13 14 15 16 17 18 19 20 23 24 | 24.4
Stealth        | 1 3 5 6 8 10 12 13 14 15 16 17 18 19 20 | 20.7
Throwing       | 3 4 |  4.8
Shields        | 4 6 7 9 10 | 10.7
Evocations     | 2 3 4 7 8 9 10 | 10.2
Hexes          | 1 4 6 7 9 10 11 12 13 | 13.1
Spellcasting   | 1 3 4 6 7 8 9 10 | 10.2
Ice Magic      | 2 3 4 5 9 |  9.9
Ranged Weapons | 2 4 5 6 |  6.6
Translocations | 2 4 5 |  5.0
Transmutations | 2 5 7 9 11 | 11.0
Earth Magic    | 1 |  1.0
Summonings     | 2 |  2.0
Long Blades    | |  3.6

Action                     |  1- 3 |  4- 6 |  7- 9 | 10-12 | 13-15 | 16-18 | 19-21 | 22-24 | 25-27 || total
---------------------------+-------+-------+-------+-------+-------+-------+-------+-------+-------++-------
  Melee: Dagger            |    73 |   148 |   297 |   944 |  1071 |       |       |       |       ||  2533
         Punch             |       |     3 |     4 |       |       |       |       |       |       ||     7
         Tailslap          |       |       |       |     7 |       |    89 |    12 |    19 |     3 ||   130
         Pair of quick bla |       |       |       |       |   553 |  1555 |  2216 |  3629 |  1131 ||  9084
         Arbalest          |       |       |       |       |       |       |    14 |       |       ||    14
   Fire: Arbalest          |       |       |       |       |    14 |   126 |    53 |    16 |       ||   209
  Throw: Boomerang         |       |     3 |    11 |     2 |     2 |     2 |     7 |    14 |       ||    41
         Javelin           |       |       |       |     1 |       |       |       |       |       ||     1
         Throwing net      |       |       |       |       |       |       |       |       |     4 ||     4
   Cast: Passwall          |       |       |       |       |       |       |     2 |       |       ||     2
         Wereblood         |       |       |       |       |       |       |     1 |     4 |     3 ||     8
         Blink             |       |       |       |       |       |       |     1 |     5 |     1 ||     7
         Yara's Violent Un |       |       |       |       |       |       |       |    15 |     3 ||    18
         Cause Fear        |       |       |       |       |       |       |       |     5 |     1 ||     6
         Leda's Liquefacti |       |       |       |       |       |       |       |       |     4 ||     4
         Summon Ice Beast  |       |       |       |       |       |       |       |       |     1 ||     1
 Invoke: Serpent's Lash    |       |       |       |       |     3 |       |     5 |     3 |     1 ||    12
         Heavenly Storm    |       |       |       |       |     1 |     4 |     1 |     2 |       ||     8
Ability: Lunge             |       |       |    14 |   107 |   128 |   136 |   133 |   190 |    55 ||   763
         Whirlwind         |       |       |       |   197 |   465 |   277 |   405 |   618 |   196 ||  2158
         Wall Jump         |       |       |       |       |     1 |       |     8 |     1 |       ||    10
  Evoke: Wand              |       |       |       |       |     2 |       |     2 |     1 |     1 ||     6
         Phantom mirror    |       |       |       |       |       |     1 |       |       |       ||     1
         Lightning rod     |       |       |       |       |       |       |    11 |       |       ||    11
         Phial of floods   |       |       |       |       |       |       |       |       |     1 ||     1
    Use: Scroll            |       |     6 |     8 |     2 |     5 |     7 |     5 |     5 |     2 ||    40
         Potion            |       |       |       |       |     1 |     1 |     3 |     4 |     3 ||    12
   Stab: Sleeping          |       |       |     1 |    10 |    36 |    54 |    60 |    69 |     6 ||   236
         Distracted        |       |       |     1 |     4 |     3 |    10 |     8 |    16 |     6 ||    48
         Held in net/web   |       |       |       |       |       |     1 |       |       |       ||     1
         Fleeing           |       |       |       |       |       |       |       |       |     1 ||     1
 Armour: Leather armour    |     1 |       |       |       |    27 |    80 |    73 |       |       ||   181
         Ring mail         |    19 |    35 |    54 |    99 |       |       |       |       |       ||   207
         Scale mail        |       |       |       |    15 |    92 |    47 |    78 |   345 |   120 ||   697
  Dodge: Dodged            |    46 |    99 |   128 |   355 |   569 |   687 |   931 |   994 |   411 ||  4220
         Repelled          |       |       |       |       |       |       |     7 |    26 |     8 ||    41
  Block: Buckler           |       |       |    15 |   152 |   187 |       |       |       |       ||   354
         Other             |       |       |       |       |       |    92 |   173 |   212 |    77 ||   554
         Reflection        |       |       |       |       |       |     1 |    10 |     8 |     5 ||    24
